 Dungeon Crawl Stone Soup version 0.23.2-1-ga50397a (webtiles) character file.

Game seed: 9401108810577448819

53 schauveau the Shooter (level 3, 0/29 HPs)
             Began as a Centaur Hunter on Apr 26, 2019.
             Slain by Eustachio
             ... wielding a cursed -3 rapier
              (3 damage)
             ... on level 3 of the Dungeon.
             The game lasted 00:01:54 (924 turns).

schauveau the Shooter (Centaur Hunter)               Turns: 924, Time: 00:01:56

Health: 0/29       AC: 14    Str: 14    XL:     3   Next: 64%
Magic:  3/3        EV:  4    Int: 10    God:
Gold:   18         SH:  0    Dex: 10    Spells: 2/2 levels left

rFire    . . .     SeeInvis .   b - +0 short sword
rCold    + . .     Gourm    .   (no shield)
rNeg     . . .     Faith    .   j - +3 chain mail {rPois}
rPois    +         Spirit   .   (no helmet)
rElec    .         Reflect  .   (no cloak)
rCorr    .         Harm     .   (no gloves)
MR       .....                  (no barding)
Stlth    ..........             (no amulet)
HPRegen  0.09/turn              (no ring)
MPRegen  0.08/turn              (no ring)

@: very quick
A: large, hooves 3, icy blue scales 1, yellow scales 1, cold resistance 1,
deformed body, speed 2, tough skin 3
a: no special abilities


You were on level 3 of the Dungeon.
You were not hungry.

You visited 1 branch of the dungeon, and saw 4 of its levels.

You collected 18 gold pieces.

Inventory:

Hand Weapons
 a - a +1 shortbow
 b - a +0 short sword (weapon)
Missiles
 d - 8 arrows
 k - 5 curare-tipped needles
Armour
 j - a +3 chain mail of poison resistance (worn)
Jewellery
 c - a +2 ring of intelligence {unknown}
Scrolls
 h - 2 scrolls of identify {unknown}
 i - a scroll of remove curse {unknown}
Comestibles
 f - 3 rations
 g - a chunk of flesh


   Skills:
 - Level 2.0 Fighting
 * Level 7.1 Bows
 - Level 1.3 Dodging
 - Level 0.4 Stealth


You had 2 spell levels left.
You didn't know any spells.
Your spell library was empty.

Dungeon Overview and Level Annotations

Branches:
Dungeon (4/15)
 Temple: D:4-7

Altars:
Xom

Annotations:
D:3 Eustachio


Innate Abilities, Weirdness & Mutations

You have hooves in place of feet.
Armour fits poorly on your strangely shaped body.
You cover ground very quickly.
You have extremely tough skin. (AC +3)
You are partially covered in icy blue scales. (AC +2)
You are partially covered in yellow scales. (AC +2)
Your flesh is cold resistant. (rC+)


Message History

Eustachio is moderately wounded.
The ufetubus barely misses you.
The ufetubus hits you but does no damage.
Eustachio hits you but does no damage.
The crimson imp hits you but does no damage.
The ufetubus hits you but does no damage. x2
The iron imp hits you but does no damage.
You hit Eustachio. You kick Eustachio.
Eustachio is heavily wounded.
The ufetubus hits you but does no damage. x2
Eustachio hits you but does no damage.
The crimson imp hits you but does no damage.
The iron imp hits you.
* * * LOW HITPOINT WARNING * * *
Eustachio mumbles some strange words.
Eustachio gestures wildly while chanting.
Eustachio blinks!
Eustachio says, "My allies will avenge me."
Eustachio hits you with a cursed -3 rapier.
You die...

#........#......
..#........#....#.
.........ยง........
#....<>...<..#
.......(5......#
###...(..r.....#
#..(...5..##.#
#######5@.#..#.
#@.......
#...##..... #....<.
..... #............
#..........##
#..........#
#..........
#..........#


You could see Eustachio, an iron imp, a crimson imp, a river rat and an
ufetubus.

Vanquished Creatures
  Terence (D:2)
  An adder (D:2)
  An ooze (D:2)
  A leopard gecko (D:2)
  2 bats (D:1)
  A giant cockroach (D:1)
  2 goblins (D:2)
  A hobgoblin (D:1)
  A quokka (D:2)
  A frilled lizard (D:1)
  A kobold (D:2)
13 creatures vanquished.

Notes
Turn   | Place    | Note
-------+----------+-------------------------------------------
     0 | D:1      | schauveau the Centaur Hunter began the quest for the Orb.
     0 | D:1      | Reached XP level 1. HP: 17/17 MP: 1/1
   238 | D:2      | Found a shimmering altar of Xom.
   243 | D:2      | Found a shimmering altar of Xom.
   299 | D:2      | Reached XP level 2. HP: 22/24 MP: 2/2
   304 | D:2      | Noticed Terence
   340 | D:2      | Killed Terence
   340 | D:2      | Reached skill level 6 in Bows
   340 | D:2      | Reached XP level 3. HP: 9/29 MP: 3/3
   665 | D:2      | Reached skill level 7 in Bows
   716 | D:4      | Noticed Eustachio
   914 | D:3      | Gained mutation: You are partially covered in icy blue
                  | scales. (AC +2) [potion of mutation]
   914 | D:3      | Gained mutation: Your flesh is cold resistant. (rC+)
                  | [potion of mutation]
   914 | D:3      | Gained mutation: You are partially covered in yellow
                  | scales. (AC +2) [potion of mutation]
   924 | D:3      | Slain by Eustachio

Skill      XL: |  1  2  3 |
---------------+----------+-----
Bows           | 6 7 |  7.1
Fighting       | |  2.0
Dodging        | |  1.3
Stealth        | |  0.4

Action                   || total
-------------------------++-------
Melee: Short sword       ||    60
       Kick              ||    16
 Fire: Shortbow          ||    44
  Use: Potion            ||     1
Armor: Leather armour    ||     6
       Chain mail        ||    55
Dodge: Dodged            ||    34
